 Dungeon Crawl Stone Soup version 0.22.0-38-g04b72b8 (webtiles) character file.

1941 Loudmushroom the Cleaver (level 9, -12/79 HPs)
             Began as a Hill Orc Fighter on Aug 26, 2018.
             Was a Follower of Beogh.
             Killed by divine providence
             ... invoked by an orc priest
              (15 damage)
             ... on level 6 of the Dungeon.
             The game lasted 00:31:00 (5576 turns).

Loudmushroom the Cleaver (Hill Orc Fighter)         Turns: 5576, Time: 00:31:01

Health: -12/79     AC: 17    Str: 19    XL:     9   Next: 18%
Magic:  10/10      EV:  4    Int:  8    God:    Beogh [*.....]
Gold:   343        SH: 15    Dex: 13    Spells: 8/8 levels left

rFire    . . .     SeeInvis .   a - +3 war axe
rCold    . . .     Gourm    .   y - +0 large shield
rNeg     . . .     Faith    .   n - +0 chain mail
rPois    .         Spirit   .   (no helmet)
rElec    .         Reflect  .   g - +1 cloak
rCorr    .         Harm     .   C - +2 pair of gloves
MR       .....                  E - +0 pair of boots
Stlth    ..........             (no amulet)
HPRegen  0.23/turn              (no ring)
MPRegen  0.12/turn              (no ring)

@: no status effects
A: no striking features
a: Renounce Religion


You were on level 6 of the Dungeon.
You worshipped Beogh.
Beogh was aware of your devotion.
You were not hungry.

You visited 1 branch of the dungeon, and saw 6 of its levels.

You collected 343 gold pieces.

Inventory:

Hand Weapons
 a - a +3 war axe (weapon)
 u - a +2 flail of protection
Missiles
 c - 5 silver tomahawks (quivered)
 e - 114 stones
 A - 65 sling bullets
 D - 27 poisoned needles
 F - 28 bolts
 H - 7 tomahawks
Armour
 b - a +0 scale mail
 g - a +1 cloak (worn)
 n - a +0 chain mail (worn)
 y - a +0 large shield (worn)
 C - a +2 pair of gloves (worn)
 E - a +0 pair of boots (worn)
Scrolls
 h - 3 scrolls of identify
 j - 6 scrolls of teleportation
 k - a scroll of remove curse
 q - 3 scrolls of magic mapping
 s - a scroll of blinking
 B - 2 scrolls of vulnerability {unknown}
Potions
 d - 4 potions of might
 i - 3 potions of lignification {unknown}
 l - 4 potions of cancellation
 m - 2 potions of mutation {unknown}
 o - 2 potions of agility {unknown}
 p - a potion of degeneration {unknown}
 t - 3 potions of curing {unknown}
 v - 2 potions of berserk rage {unknown}
 x - a potion of flight {unknown}
 z - 3 potions of haste {unknown}
Comestibles
 f - 10 rations
 r - 4 chunks of flesh


   Skills:
 + Level 7.2 Fighting
 * Level 9.8 Axes
 + Level 6.5 Armour
 + Level 6.5 Shields
 + Level 2.4 Invocations


You had 8 spell levels left.
You didn't know any spells.
Your spell library was empty.

Dungeon Overview and Level Annotations

Branches:
Dungeon (6/15)
 Temple: D:4-7

Altars:
Okawaru
The Shining One

Shops:
D:5 [


Message History

The orc warrior is heavily wounded.
The orc warrior hits you but does no damage.
You hit the orc warrior but do no damage.
The orc warrior is heavily wounded.
You barely miss the orc warrior.
The orc warrior is heavily wounded.
The orc warrior hits you with a battleaxe!
* * * LOW HITPOINT WARNING * * *
The orc priest invokes the aid of Beogh against you.
Beogh smites you!
* * * LOW HITPOINT WARNING * * *
You hit the orc warrior.
The orc warrior is severely wounded.
The orc warrior hits you but does no damage.
You barely miss the orc warrior.
The orc warrior is severely wounded.
The orc priest invokes the aid of Beogh against you.
Beogh smites you!
You die...
Beogh appreciates the orc priest's killing of a heretic priest.

#####################
#....#..............#
#....'.....<........#
#####....#..............#
#........#........##...##
#.####.#########...#####
##.# ######.. #...# ##.#
.....o##..## §#.#
.....oo@...# .'.#
########>..# ≈###
##.....##..###### ##
#..........##<..## #
#......##..##....# #
#########....##..##....#
##..##.###....##........#
#....'..'.....#.........#
#....#..#.....##..#######


You could see an orc warrior and 2 orc priests.

Vanquished Creatures
  4 yaks (D:4)
  An ice beast (D:5)
  2 phantoms
  An ogre (D:5)
  2 centaurs (D:6)
  A bullfrog (D:6)
  A water moccasin skeleton (D:6)
  4 wights (D:6)
  A crimson imp (D:5)
  2 orc priests (D:6)
  A jelly (D:4)
  An orc wizard (D:5)
  Terence (D:2)
  2 iguanas
  7 worker ants
  3 gnolls (D:2)
  3 adders
  2 adder zombies
  8 oozes
  An adder skeleton (D:5)
  A worm (D:2)
  A dart slug (D:1)
  3 leopard geckos
  14 orcs
  6 giant cockroaches
  3 goblins
  2 hobgoblins (D:3)
  11 jackals
  A quokka (D:2)
  5 bats
  5 frilled lizards
  A giant cockroach zombie (D:5)
  13 kobolds
  2 quokka skeletons
  5 rats
  A fungus (D:4)
122 creatures vanquished.

Vanquished Creatures (others)
  A hound (D:5)
  3 orc wizards (D:5)
  2 orcs (D:5)
  8 toadstools (D:4)
14 creatures vanquished.

Grand Total: 136 creatures vanquished

Notes
Turn   | Place    | Note
-------+----------+-------------------------------------------
     0 | D:1      | Loudmushroom the Hill Orc Fighter began the quest for the Orb.
     0 | D:1      | Reached XP level 1. HP: 19/19 MP: 1/1
   165 | D:1      | Found an iron altar of Okawaru.
   256 | D:1      | Reached skill level 3 in Axes
   361 | D:1      | Reached XP level 2. HP: 27/27 MP: 2/2
   931 | D:2      | Reached XP level 3. HP: 33/33 MP: 3/3
   932 | D:2      | Noticed Terence
   941 | D:2      | Killed Terence
   953 | D:2      | Reached skill level 4 in Axes
  1017 | D:2      | Reached XP level 4. HP: 40/40 MP: 4/4
  2545 | D:4      | Reached XP level 5. HP: 47/47 MP: 5/5
  2754 | D:4      | Found a glowing drain.
  2797 | D:4      | Noticed a phantom
  2803 | D:4      | Killed a phantom
  2803 | D:4      | Reached skill level 5 in Axes
  2803 | D:4      | Reached XP level 6. HP: 54/55 MP: 6/6
  2885 | D:4      | Noticed a yak
  2885 | D:4      | Noticed a yak
  2885 | D:4      | Noticed a yak
  2886 | D:4      | Noticed a yak
  2894 | D:4      | Killed a yak
  2894 | D:4      | Reached skill level 5 in Fighting
  2894 | D:4      | Reached skill level 6 in Axes
  2896 | D:4      | Killed a yak
  2896 | D:4      | Reached XP level 7. HP: 27/61 MP: 7/7
  2901 | D:4      | Killed a yak
  2901 | D:4      | Reached skill level 7 in Axes
  2901 | D:4      | Reached skill level 5 in Armour
  2901 | D:4      | Reached skill level 5 in Shields
  2906 | D:4      | Killed a yak
  3077 | D:4      | Reached XP level 8. HP: 70/70 MP: 8/8
  3328 | D:4      | Reached skill level 8 in Axes
  3548 | D:5      | Entered Level 5 of the Dungeon
  3549 | D:5      | Became a worshipper of Beogh the Brigand
  3690 | D:5      | Got a faintly glowing buckler
  3967 | D:4      | Identified the +3 buckler of Ally {rC+ Int+4 Stlth+} (You found it on level 5 of the Dungeon)
  4545 | D:5      | Found Keziogei's Antique Armour Shop.
  4578 | D:5      | Reached skill level 9 in Axes
  4722 | D:6      | Reached * piety under Beogh
  4901 | D:6      | Reached skill level 1 in Invocations
  5272 | D:6      | Found a glowing golden altar of the Shining One.
  5422 | D:6      | Reached XP level 9. HP: 79/79 MP: 10/10
  5574 | D:6      | HP: 2/79 [orc priest/divine providence (11)]
  5576 | D:6      | Killed from afar by an orc priest

Skill      XL: |  1  2  3  4  5  6  7  8  9 |
---------------+----------------------------+-----
Axes           | 3 4 5 6 7 9 |  9.8
Fighting       | 4 5 7 |  7.2
Armour         | 4 5 6 |  6.5
Shields        | 4 5 6 |  6.5
Invocations    | 1 2 |  2.4

Action                   |  1- 3 |  4- 6 |  7- 9 || total
-------------------------+-------+-------+-------++-------
Melee: War axe           |    62 |       |   197 ||   259
       Hand axe          |     5 |    91 |    42 ||   138
Invok: Convert to Beogh  |       |       |     1 ||     1
  Use: Scroll            |       |       |    15 ||    15
  Eat: Chunk             |       |     4 |     4 ||     8
       Ration            |       |     1 |     1 ||     2
Armor: Scale mail        |    38 |       |       ||    38
       Chain mail        |     2 |    46 |   121 ||   169
Dodge: Dodged            |    32 |    17 |    53 ||   102
Block: Shield            |    65 |    51 |    72 ||   188
       Large shield      |       |       |    62 ||    62
